 Dungeon Crawl Stone Soup version 0.20.1-1-g8b1a95d (webtiles) character file.

187 Monsterracer the Chiller (level 5, -1/37 HPs)
             Began as a Merfolk Ice Elementalist on Aug 31, 2017.
             Slain by Natasha (6 damage)
             ... on level 3 of the Dungeon.
             The game lasted 00:06:44 (3390 turns).

Monsterracer the Chiller (Merfolk Ice Elementalist) Turns: 3390, Time: 00:06:45

Health: -1/37      AC:  2    Str: 10    XL:     5   Next: 66%
Magic:  5/9        EV: 13    Int: 14    God:
Gold:   101        SH:  0    Dex: 14    Spells: 2/10 levels left

rFire    . . .     SeeInvis .   u - +1 flail (venom)
rCold    . . .     Gourm    .   (no shield)
rNeg     . . .     Faith    .   a - +0 robe
rPois    .         Spirit   .   (no helmet)
rElec    .         Reflect  .   (no cloak)
rCorr    .         Harm     .   (no gloves)
MR       +....                  (no boots)
Stlth    ++........             (no amulet)
Regen    0.2/turn               l - ring of protection from magic
MPRegen  0.2/turn               (no ring)

@: no status effects
A: change form in water, swift swim, stealthy swim
a: no special abilities


You were on level 3 of the Dungeon.
You were not hungry.

You visited 1 branch of the dungeon, and saw 3 of its levels.

You collected 101 gold pieces.

Inventory:

Hand Weapons
 u - a +1 flail of venom (weapon)
Armour
 a - a +0 robe (worn)
 r - a +0 leather armour
Jewellery
 l - a ring of protection from magic (left hand)
Scrolls
 d - 2 scrolls of remove curse {unknown}
 e - 2 scrolls of teleportation {unknown}
 g - 3 scrolls of identify {unknown}
 i - a scroll of enchant weapon {unknown}
 p - a scroll of magic mapping {unknown}
 t - a scroll of fog {unknown}
Potions
 h - a potion of agility {unknown}
 k - a potion of degeneration {unknown}
 n - 3 potions of resistance {unknown}
 o - a potion of experience {unknown}
 q - a potion of might {unknown}
 s - a potion of ambrosia {unknown}
Books
 b - a book of Frost

   Spells                             Type                      Level
   a - Freeze                         Ice                          1
   b - Throw Frost                    Conjuration/Ice              2
   c - Ozocubu's Armour               Charms/Ice                   3
   d - Throw Icicle                   Conjuration/Ice              4
   e - Summon Ice Beast               Ice/Summoning                4
Comestibles
 c - a bread ration
 f - 3 meat rations
 j - a chunk of flesh
 m - 3 royal jellies


   Skills:
 + Level 1.2 Fighting
 - Level 2.6 Dodging
 - Level 2.1 Stealth
 + Level 3.1 Spellcasting
   Level 0.7 Conjurations
 + Level 1.6 Charms
 * Level 5.4 Ice Magic


You had 2 spell levels left.
You knew the following spells:

 Your Spells              Type           Power        Failure   Level  Hunger
a - Freeze                Ice            ###.         2%          1    #......
c - Ozocubu's Armour      Chrm/Ice       ##......     14%         3    ###....
d - Summon Ice Beast      Ice/Summ       #.......     56%         4    #####..


Dungeon Overview and Level Annotations

Branches:
Dungeon (3/15)

Altars:
Cheibriados
Makhleb

Annotations:
D:3 Natasha


Message History

Huge Dmg: -11%(-4hp) hp: 38%(14hp)
Casting: Freeze
Confirm with . or Enter, or press ? or * to list all spells.
Aiming: Freeze
Press: ? - help, Shift-Dir - straight line, f/p - Natasha
Aim: Natasha (moderately wounded)
You freeze Natasha.
Natasha is severely wounded.
Natasha claws you!
* * * LOW HITPOINT WARNING * * *
Huge Dmg: -24%(-9hp) hp: 14%(5hp)
Casting: Freeze
Confirm with . or Enter, or press ? or * to list all spells.
Aiming: Freeze
Press: ? - help, Shift-Dir - straight line, f/p - Natasha
Aim: Natasha (severely wounded)
You freeze Natasha.
Natasha is almost dead.
Natasha claws you.
You die...

.......#....##....###########.#
........(###...#### #.<ยง5.....#
.......# #..### ####.#########
.......####.######....###########
............# #..#.#.........#...
####....##### #....#.........#...
#.#### #.#..#........>#... #.
##.#<...........#... ..
#.h@..#<........#### ..
#.....####.........# ### $.w....
##.......>.#
..####..............#### .
##.................
#...........###### #............#
# .............##
.##...........###


You could see Natasha and a dart slug.

Vanquished Creatures
  An orc wizard (D:3)
  Natasha (twice) (D:3)
  4 adders
  3 worms
  4 dart slugs
  A leopard gecko (D:3)
  2 orcs (D:3)
  A ball python (D:1)
  A giant cockroach (D:1)
  2 goblins
  7 hobgoblins
  3 jackals (D:2)
  7 kobolds
  8 bats
  8 frilled lizards
  6 rats
60 creatures vanquished.

Notes
Turn   | Place    | Note
-------+----------+-------------------------------------------
     0 | D:1      | Monsterracer the Merfolk Ice Elementalist began the quest for the Orb.
     0 | D:1      | Reached XP level 1. HP: 13/13 MP: 3/3
   124 | D:1      | HP: 4/13 [kobold/dagger (5)]
   558 | D:1      | Reached XP level 2. HP: 19/19 MP: 5/5
   713 | D:1      | Reached skill level 4 in Ice Magic
   951 | D:1      | Reached XP level 3. HP: 24/24 MP: 1/6
  1235 | D:2      | Learned a level 3 spell: Ozocubu's Armour
  1415 | D:2      | Found a snail-covered altar of Cheibriados.
  1592 | D:2      | HP: 10/24 [adder (4)]
  1607 | D:2      | Reached skill level 1 in Charms
  1607 | D:2      | Reached XP level 4. HP: 14/30 MP: 0/7
  1765 | D:2      | Learned a level 4 spell: Summon Ice Beast
  2243 | D:2      | Found a burning altar of Makhleb.
  2785 | D:3      | Noticed Natasha
  2791 | D:3      | HP: 11/31 [Natasha (9)]
  2792 | D:3      | HP: 2/31 [Natasha (9)]
  2794 | D:3      | Killed Natasha
  2794 | D:3      | Reached skill level 5 in Ice Magic
  2859 | D:3      | Noticed Natasha
  2944 | D:3      | HP: 14/31 [orc/short sword (3)]
  2945 | D:3      | Reached XP level 5. HP: 17/36 MP: 4/9
  3305 | D:3      | Killed Natasha
  3305 | D:3      | Reached skill level 1 in Fighting
  3317 | D:3      | HP: 15/37 [orc wizard/magic dart (8)]
  3320 | D:3      | Noticed Natasha
  3387 | D:3      | HP: 18/37 [Natasha (6)]
  3389 | D:3      | HP: 5/37 [Natasha (9)]
  3390 | D:3      | Slain by Natasha

Skill      XL: |  1  2  3  4  5 |
---------------+----------------+-----
Ice Magic      | 4 5 |  5.4
Charms         | 1 |  1.6
Spellcasting   | 3 |  3.1
Fighting       | 1 |  1.2
Dodging        | |  2.6
Stealth        | |  2.1
Conjurations   | |  0.7

Action                   |  1- 3 |  4- 6 || total
-------------------------+-------+-------++-------
Melee: Dagger            |    22 |       ||    22
       Tailslap          |     2 |       ||     2
       Short sword       |    21 |    49 ||    70
       Flail             |       |     1 ||     1
 Cast: Freeze            |    39 |    57 ||    96
 Stab: Sleeping          |     2 |     6 ||     8
  Eat: Chunk             |     2 |     7 ||     9
Armor: Robe              |    11 |    18 ||    29
Dodge: Dodged            |    52 |    61 ||   113
